 Dungeon Crawl Stone Soup version 0.31-a0-626-g8143ab4f1d (webtiles) character file.

Game seed: 9355449787105267371

484 zenocrate the Ruffian (level 7, 0/46 HPs)
             Began as an Octopode Shapeshifter on Aug 24, 2023.
             Slain by a gnoll
             ... wielding a +0 flail
              (7 damage)
             ... on level 4 of the Dungeon.
             The game lasted 00:03:51 (3681 turns).

zenocrate the Ruffian (Octopode Shapeshifter)       Turns: 3681, Time: 00:03:52

Health: 0/46       AC:  1    Str: 17    XL:     7   Next: 12%
Magic:  7/7        EV: 14    Int: 10    God:
Gold:   146        SH:  0    Dex: 12    Spells: 6/6 levels left

rFire   . .          .
                       - Unarmed
rCold   . . .        (no shield)
rNeg    . . .        (helmet currently unavailable)
rPois   .            k - amulet of magic regeneration
rElec   .            w - ring of wizardry
rCorr   .            (no ring)
SInv    .            (no ring)
Will    .....        (no ring)
Stlth   ++           (no ring)
HPRegen 0.27/turn    (no ring)
MPRegen 0.50/turn    (no ring)
                     (no ring)

%: wizardry (x1)
@: beast-form
A: beast (slay +1), almost no armour, amphibious, 8 rings, camouflage 1,
gelatinous body 1, (nimble swimmer 1), tentacles
a: Begin Untransformation


You were on level 4 of the Dungeon.
You were a hulking beast.
You visited 1 branch of the dungeon, and saw 4 of its levels.

You collected 146 gold pieces.

Inventory:

Missiles
 h - 3 boomerangs (quivered)
 v - 2 darts of dispersal
Jewellery
 k - an amulet of magic regeneration (around mantle)
 w - a ring of wizardry (left tentacle)
Talismans
 b - a beast talisman (active)
 c - a flux talisman
Wands
 i - a wand of paralysis (10)
Scrolls
 d - a scroll of noise {unknown}
 e - a scroll of enchant armour {unknown}
 f - a scroll of amnesia {unknown}
 l - a scroll of blinking {unknown}
 m - a scroll of teleportation {unknown}
 n - 2 scrolls of revelation {unknown}
 p - 2 scrolls of identify {unknown}
 r - a scroll of immolation {unknown}
 t - a scroll of brand weapon {unknown}
Potions
 a - a potion of lignification
 g - a potion of mutation {unknown}
 j - a potion of haste {unknown}
 o - a potion of curing {unknown}
 q - a potion of attraction {unknown}
 s - a potion of heal wounds {unknown}
 u - a potion of magic {unknown}


   Skills:
 - Level 3.0 Fighting
 + Level 4.3 Dodging
 + Level 5.1 Unarmed Combat
 + Level 3.2 Evocations
 - Level 3.0 Shapeshifting


You had 6 spell levels left.
You didn't know any spells.
Your spell library contained the following spells:

 Spells                   Type           Power      Damage    Failure   Level
 Freeze                   Ice            0%         1d3       16%         1
 Frozen Ramparts          Ice            0%         1d1       41%         3
 Hailstorm                Conj/Ice       0%         3d3       41%         3
 Inner Flame              Hex/Fire       0%         N/A       41%         3
 Volatile Blastmotes      Fire/Tloc      0%         2d10      41%         3
 Flame Wave               Conj/Fire      0%         2d4       80%         4
 Starburst                Conj/Fire      0%         6d3       100%        6


Dungeon Overview and Level Annotations

Branches:
Dungeon (4/15)
 Temple: D:4-7

Altars:
Sif Muna


Innate Abilities, Weirdness & Mutations

You are a hulking beast.
Your limbs bulge with bestial killing power. (Slay +1)
You cannot wear most types of armour.
You are amphibious.
You can wear up to eight rings at the same time.
Your skin changes colour to match your surroundings (Stealth+).
Your rubbery body absorbs attacks. (AC +1, EV +1)
((You are camouflaged when in or above water. (Stealth+)))
You have tentacles for arms and can constrict up to eight enemies at once.


Message History

A gnoll comes into view. It is wielding a +0 spear.
The gnoll shouts!
You tentacle-slap the gnoll. You squeeze the gnoll.
The gnoll is severely wounded.
You constrict the gnoll. The gnoll barely misses you.
The gnoll hits you with a +0 spear!
* * * LOW HITPOINT WARNING * * *
Unknown command.
You tentacle-slap the gnoll.
You kill the gnoll!
The gnoll hits you from afar with a +0 halberd!
* * * LOW HITPOINT WARNING * * *
Unknown command.
Okay, then.
You see here a +0 falchion.
The gnoll attacks as it pursues you! The gnoll closely misses you.
Unknown command.
Aiming: Paralyse
Press: ? - help, Shift-Dir - straight line, f - gnoll
Aim: a gnoll, wielding a +0 halberd (chance to affect: 66%)
The gnoll suddenly stops moving!
Unknown command.
Aiming: Paralyse
Press: ? - help, Shift-Dir - straight line, f - gnoll, p - gnoll
Aim: a gnoll, wielding a +0 spear (chance to affect: 66%)
The gnoll suddenly stops moving!
Unknown command.
The helpless gnoll fails to defend itself.
You bludgeon the gnoll! You grab the gnoll. You squeeze the gnoll.
You kill the gnoll!
Aiming: Paralyse
Press: ? - help, Shift-Dir - straight line, f - gnoll
Aim: a gnoll, wielding a +0 flail (chance to affect: 66%)
The gnoll struggles to resist.
A jackal comes into view.
You tentacle-slap the gnoll. Your grab misses the gnoll.
You tentacle-slap the gnoll. Your squeeze misses the gnoll.
The gnoll is severely wounded.
The gnoll hits you with a +0 flail!
You die...

######### #.$.....##.#
######...gh)..#.#
##.....g.####..#.####
#.........#.........
#.........#)#)..h.##
#...........#g.....#
#......!.[###.)...##
#......)..†o)..#..#
######......†))####.#...#
..................)g.......


You could see 2 gnolls and a jackal.

Vanquished Creatures
  A howler monkey (D:4)
  3 hounds (D:4)
  A sleepcap (D:4)
  2 orc wizards (D:3)
  17 gnolls
  2 adders (D:2)
  3 worms
  3 dart slugs (D:1)
  11 orcs
  6 ball pythons
  5 endoplasms
  A giant cockroach (D:3)
  2 goblins
  3 hobgoblins
  10 jackals
  2 kobolds
  A quokka (D:2)
  5 bats
  2 frilled lizards
  8 rats
88 creatures vanquished.

Notes
Turn   | Place    | Note
-------+----------+-------------------------------------------
     0 | D:1      | zenocrate the Octopode Shapeshifter began the quest for the
                  | Orb.
     0 | D:1      | Reached XP level 1. HP: 13/13 MP: 1/1
   129 | D:1      | Reached XP level 2. HP: 12/18 MP: 2/2
   612 | D:1      | Reached XP level 3. HP: 17/23 MP: 3/3
  1075 | D:1      | Reached XP level 4. HP: 13/29 MP: 4/4
  1389 | D:2      | Reached skill level 4 in Unarmed Combat
  1560 | D:2      | Reached XP level 5. HP: 35/35 MP: 5/5
  1844 | D:2      | Reached skill level 1 in Evocations
  2160 | D:2      | Got the Catalogue of the Hidden Vale
  2627 | D:3      | Found a shimmering blue altar of Sif Muna.
  2653 | D:3      | Reached XP level 6. HP: 10/42 MP: 6/6
  2816 | D:3      | Found a faded altar of an unknown god.
  3421 | D:4      | Reached skill level 5 in Unarmed Combat
  3551 | D:4      | Reached XP level 7. HP: 15/46 MP: 7/7
  3681 | D:4      | Slain by a gnoll

Illustrated notes

Levels and vault maps discovered:
D:1:      minmay_arrival_four_loops, layout_loops_corners
D:2:      layout_rooms, minmay_distorted
D:3:      layout_rooms, led_sif_pool, shapermc_ecumenical_altar_mp_vishouse
D:4:      lemuel_castle_with_subvaults [lemuel_castle_interior_carwin_1],
          layout_loops_corners

Skill      XL: |  1  2  3  4  5  6 |
---------------+-------------------+-----
Fighting       | 2 3 |  3.0
Dodging        | 3 4 |  4.3
Unarmed Combat | 4 5 |  5.1
Evocations     | 2 3 |  3.2
Shapeshifting  | |  3.0

Action                     |  1- 3 |  4- 6 |  7- 9 || total
---------------------------+-------+-------+-------++-------
  Melee: Unarmed           |    35 |   109 |    18 ||   162
         Constrict         |    10 |    35 |     6 ||    51
         Tentacles         |     8 |    27 |     6 ||    41
         Punch             |       |     3 |     1 ||     4
  Throw: Boomerang         |     2 |     1 |       ||     3
  Evoke: Wand              |       |       |     3 ||     3
   Stab: Sleeping          |     5 |    14 |       ||    19
         Paralysed         |       |       |     1 ||     1
 Armour: Skin              |     2 |     3 |     1 ||     6
  Dodge: Dodged            |    14 |    64 |    12 ||    90

Table legend: (Time is in decaauts)
 A = Elapsed time spent in this place.
 B = Non-inter-level travel time spent in this place.
 C = Inter-level travel time spent in this place.
 D = Time resting spent in this place.
 E = Time spent auto-exploring this place.
 F = Levels seen in this place.
 G = Mean time per level.
                   A        B        C        D        E       F      G
               +--------+--------+--------+--------+--------+-----+--------+
         Total |   3675 |   3601 |     74 |      2 |   3038 |   4 |  918.8 |
       Dungeon |   3675 |   3601 |     74 |      2 |   3038 |   4 |  918.8 |
               +--------+--------+--------+--------+--------+-----+--------+

Top non-repeatable levels by time:
     D:1: 1506 daAuts
     D:3: 745 daAuts
     D:2: 742 daAuts
     D:4: 680 daAuts
